 Dungeon Crawl Stone Soup version 0.17-a0-1181-gabc46e6 (webtiles) character file.

22951 Kidiri the Dealer of Despair (level 12, -7/74 HPs)
             Began as a Demonspawn Necromancer on May 31, 2015.
             Was an Elder of Kikubaaqudgha.
             Shot with a poisoned arrow by Nessos (9 damage)
             ... on level 5 of the Lair of Beasts.
             The game lasted 02:16:19 (17906 turns).

Kidiri the Dealer of Despair (DsNe)                Turns: 17906, Time: 02:16:21

Health: -7/74      AC: 21    Str:  6      XL:     12   Next: 67%
Magic:  9/25       EV: 13    Int: 33 (34) God:    Kikubaaqudgha [****..]
Gold:   575        SH:  0    Dex: 18 (20) Spells: 10 memorised, 1 level left

rFire  . . .     SeeInvis +     E - +5 arbalest "Diceamaoz" {elec, Str-2 Int+10}
rCold  + . .     Clarity  .     l - +5 ring mail "Neywkaso" {rN+ MR- Int+3 Dex+3}
rNeg   + . .     SustAt   .     (no shield)
rPois  .         Gourm    +     T - +0 helmet {SInv}
rElec  .         Spirit   .     V - +1 cloak
rCorr  .         Warding  .     e - +1 pair of gloves
rMut   .         Stasis   .     (boots unavailable)
MR     .....                    A - amulet of the gourmand
Stlth  +++.......               P - ring of wizardry
                                y - ring of wizardry

@: very slightly contaminated, invisible, not resistant to hostile enchantments,
fairly stealthy
A: talons 3, iridescent scales 1, agile 1, cold resistance 1, deterioration 1,
magic resistance 1, powered by death 1, screaming 1, shaggy fur 1, spiny 3
a: Receive Corpses, Renounce Religion


You were on level 5 of the Lair of Beasts.
You worshipped Kikubaaqudgha.
Kikubaaqudgha was greatly pleased with you.
You were not hungry.

You visited 3 branches of the dungeon, and saw 15 of its levels.
You also visited: Sewer.

You collected 747 gold pieces.
You spent 172 gold pieces at shops.

Inventory:

Hand weapons
 q - the +7 hunting sling of the Gnat {velocity, +Blink rC+ MR-}
   (You found it on level 4 of the Lair of Beasts)

   Any stone fired from it inflicts extra damage.
   It protects you from cold.
   It affects your resistance to hostile enchantments.
   It lets you blink.
 u - a +2 dagger of electrocution
 E - the +5 arbalest "Diceamaoz" (weapon) {elec, Str-2 Int+10}
   (You found it on level 5 of the Dungeon)

   It charges the ammunition it shoots with electricity; occasionally upon a
   hit, such missiles may discharge and cause terrible harm.
   It affects your strength (-2).
   It affects your intelligence (+10).
Missiles
 O - 2 bolts (quivered)
Armour
 e - a +1 pair of gloves (worn)
 l - the +5 ring mail "Neywkaso" (worn) {rN+ MR- Int+3 Dex+3}
   (You found it on level 4 of the Dungeon)

   It affects your intelligence (+3).
   It affects your dexterity (+3).
   It protects you from negative energy.
   It affects your resistance to hostile enchantments.
 T - a +0 helmet of see invisible (worn)
 V - a +1 cloak (worn)
Jewellery
 y - a ring of wizardry (left hand)
 A - an amulet of the gourmand (around neck)
 P - a ring of wizardry (right hand)
Magical devices
 j - a wand of enslavement (5)
 w - a wand of enslavement (11)
Scrolls
 d - 7 scrolls of remove curse
 f - a scroll of enchant armour
 g - a scroll of amnesia
 o - 4 scrolls of teleportation
 p - 2 scrolls of magic mapping
 r - a scroll of fear
 z - a scroll of fog
 J - 2 scrolls of blinking
Potions
 a - 3 potions of haste
 i - 4 potions of curing
 k - 2 potions of agility
 s - a potion of degeneration {unknown}
 t - 4 potions of brilliance
 x - a potion of might
 B - 2 potions of flight
 K - 3 potions of cancellation
Books
 b - a book of Necromancy

   Spells                             Type                      Level
   a - Pain                           Necromancy                   1
   b - Animate Skeleton               Necromancy                   1
   c - Vampiric Draining              Necromancy                   3
   d - Regeneration                   Charms/Necromancy            3
   e - Animate Dead                   Necromancy                   4
   f - Control Undead                 Necromancy                   4
 G - a book of Summonings

   Spells                             Type                      Level
   a - Recall                         Summoning/Translocation      3
   b - Aura of Abjuration             Summoning                    5
   c - Shadow Creatures               Summoning                    5
   d - Summon Demon                   Summoning                    5
   e - Summon Forest                  Summoning/Translocation      5
   f - Summon Mana Viper              Hexes/Summoning              5
 N - a book of Death

   Spells                             Type                      Level
   a - Corpse Rot                     Necromancy                   2
   b - Sublimation of Blood           Necromancy                   2
   c - Agony                          Necromancy                   5
   d - Dispel Undead                  Necromancy                   5
   e - Excruciating Wounds            Charms/Necromancy            5
   f - Bolt of Draining               Conjuration/Necromancy       5
 S - Kikubaaqudgha's Volume of Evil Secrets
   (Kikubaaqudgha gifted it to you on level 7 of the Dungeon)

   Spells                             Type                      Level
   a - Pain                           Necromancy                   1
   b - Corpse Rot                     Necromancy                   2
   c - Sublimation of Blood           Necromancy                   2
   d - Regeneration                   Charms/Necromancy            3
   e - Control Undead                 Necromancy                   4
 W - Kikubaaqudgha's Grimoire of Dark Arts
   (Kikubaaqudgha gifted it to you on level 3 of the Lair of Beasts)

   Spells                             Type                      Level
   a - Bolt of Draining               Conjuration/Necromancy       5
   b - Agony                          Necromancy                   5
   c - Cigotuvi's Embrace             Necromancy                   5
   d - Dispel Undead                  Necromancy                   5
   e - Simulacrum                     Ice/Necromancy               6
Comestibles
 c - 11 bread rations
 m - a meat ration
 n - 22 fruits
 v - 10 royal jellies


   Skills:
 + Level 4.8 Crossbows
 + Level 5.3 Armour
 + Level 6.3 Dodging
 + Level 7.1 Stealth
 * Level 9.2 Spellcasting
 * Level 8.1 Charms
 * Level 11.6 Necromancy
 - Level 6.0 Evocations


You had one spell level left.
You knew the following spells:

 Your Spells              Type           Power        Failure   Level  Hunger
a - Pain                  Necr           ####         1%          1    None
b - Animate Skeleton      Necr           N/A          1%          1    None
c - Vampiric Draining     Necr           ######....   1%          3    None
d - Regeneration          Chrm/Necr      ######....   1%          3    None
e - Animate Dead          Necr           N/A          1%          4    None
f - Control Undead        Necr           ######....   1%          4    None
g - Corpse Rot            Necr           N/A          1%          2    None
h - Sublimation of Blood  Necr           ######....   1%          2    None
i - Agony                 Necr           ######..     1%          5    ###....
j - Recall                Summ/Tloc      N/A          10%         3    None


Dungeon Overview and Level Annotations

Branches:
Dungeon (9/15)             Temple (1/1) D:5            Lair (5/8) D:9
 Spider (0/4) Lair:4
  Swamp: Lair:3-6    Shoals: Lair:3-6       Orc: D:9-12

Altars:
Ashenzari
Cheibriados
Dithmenos
Elyvilon
Fedhas
Gozag
Kikubaaqudgha
Makhleb
Nemelex Xobeh
Okawaru
Qazlal
Ru
Sif Muna
Trog
Vehumet
Xom
Yredelemnul
Zin
The Shining One

Shops:
D:8 [   D:9 *

Annotations:
Lair:5 Nessos


Innate Abilities, Weirdness & Mutations

You have claws for feet.
You are partially covered in iridescent scales (AC +4).
Your flesh is cold resistant.
You can steal the life force of nearby defeated enemies.
You are completely covered in sharp spines.
You are agile. (Dex +2)
Your body sometimes deteriorates upon taking damage.
You are resistant to hostile enchantments.
You occasionally shout uncontrollably at your foes.
You are covered in fur (AC +1).


Message History

Nessos wields an uncursed longbow of flaming.
It bursts into flame!
Nessos shoots a poisoned arrow.
The poisoned arrow closely misses your crocodile zombie.
Your crocodile zombie barely misses Nessos.
Nessos intently looks at you, slowly moving his tail.
Nessos shoots a poisoned arrow.
The poisoned arrow hits your crocodile zombie!!
The poisoned arrow burns your crocodile zombie.
Your crocodile zombie is destroyed!
You see here 2 poisoned arrows.
Firing (i - inventory):
O - 3 bolts (quivered)
Press: ? - help, Shift-Dir - straight line, f/p - Nessos
Aim: Nessos, wielding a longbow of flaming and wearing a runed centaur barding (severely wounded, fast)
You shoot a bolt. The bolt barely misses Nessos.
Nessos shoots a poisoned arrow.
The poisoned arrow hits you!!
* * * LOW HITPOINT WARNING * * *
Your body deteriorates!
You feel clumsy. The poisoned arrow burns you!
You die...
Kikubaaqudgha rasps: "You have failed me!
Welcome... death!"

#### ## ####..#######..
##.##..P..#.#.#.#..
...................
.......@.............
.......†(..c..........
.......†(.(...(.......
.......(.(...........)##
.....((................#
........................
.##.....................
#...####P.PP.##.......
##.. ##.P###........


You could see Nessos.

Vanquished Creatures
  Gastronok (Lair:3)
  4 elephants (Lair:3)
  2 torpor snails (Lair:2)
  5 black mambas
  3 spiny frogs
  2 komodo dragons
  2 fire drakes (Lair:3)
  A jumping spider (Lair:4)
  21 blink frogs
  A redback (Lair:4)
  3 deep elf magi (D:9)
  13 yaks
  Eustachio (D:4)
  10 hippogriffs
  A steam dragon (D:8)
  5 wolves
  4 porcupines
  Duvessa (D:4)
  Purgy (Sewer)
  An orc warrior (D:7)
  A spider (Lair:4)
  2 ice beasts
  4 centaurs
  A phantom (D:6)
  A black bear (D:9)
  A necrophage (D:8)
  7 ogres
  6 crocodiles
  6 giant frogs
  Dowan (D:4)
  A water moccasin zombie (D:5)
  A scorpion (Lair:1)
  A gnoll sergeant (D:7)
  6 killer bees (D:7)
  An electric eel (Lair:3)
  A centaur skeleton (D:8)
  A quasit (D:4)
  3 crimson imps (D:9)
  An orc priest (D:8)
  A giant frog skeleton (D:5)
  A centaur zombie (D:7)
  Ijyb (D:3)
  3 orc wizards (D:7)
  6 iguanas
  3 hounds
  6 worker ants
  6 sheep (Lair:3)
  A hound skeleton (D:4)
  A worker ant zombie (D:8)
  9 gnolls
  13 adders
  A river rat (D:4)
  A shadow imp (D:7)
  2 oozes (D:8)
  2 adder skeletons
  An adder zombie (D:5)
  2 worms
  7 giant geckos
  24 orcs
  4 ball pythons (Sewer)
  2 bat skeletons
  9 giant cockroaches
  11 hobgoblins
  13 jackals
  4 quokkas
  26 bats
  A giant gecko skeleton (D:7)
  7 giant newts
  13 goblins
  12 kobolds
  12 rats
333 creatures vanquished.

Vanquished Creatures (collateral kills)
  5 komodo dragons
  A polar bear (Lair:4)
  A jumping spider (Lair:4)
  A blink frog (Lair:3)
  6 yaks (Lair:4)
  A basilisk (Lair:2)
  3 wolves
  2 water moccasins
  A hippogriff (Lair:4)
  3 porcupines
  A spider (Lair:4)
  A phantom (D:8)
  2 ogres
  4 crocodiles
  Blork the orc (D:4)
  3 giant frogs
  2 scorpions
  4 jellies
  A hound (D:9)
  5 orc wizards
  A giant frog skeleton (D:9)
  A centaur skeleton (D:9)
  3 iguanas
  2 sheep (Lair:3)
  An adder (D:7)
  3 oozes (D:8)
  A giant gecko (D:6)
  4 orcs
  A giant cockroach (D:2)
  3 hobgoblins
  3 kobolds
  3 giant newts
  2 goblins
  A quokka (D:4)
  A quokka zombie (D:8)
  2 rats
  A fungus (Lair:2)
81 creatures vanquished.

Grand Total: 414 creatures vanquished

Notes
Turn   | Place    | Note
--------------------------------------------------------------
     0 | D:1      | Kidiri the Demonspawn Necromancer began the quest for the Orb.
     0 | D:1      | Reached XP level 1. HP: 13/13 MP: 3/3
    25 | D:1      | Learned a level 1 spell: Animate Skeleton
   493 | D:1      | Gained mutation: You are partially covered in sharp spines. [demonic ancestry]
   493 | D:1      | Reached XP level 2. HP: 19/19 MP: 3/5
  1304 | D:2      | Reached XP level 3. HP: 21/24 MP: 4/7
  1331 | D:2      | Learned a level 3 spell: Vampiric Draining
  1911 | D:2      | Reached skill level 5 in Necromancy
  2373 | D:3      | Reached XP level 4. HP: 28/30 MP: 5/8
  2449 | D:3      | Learned a level 3 spell: Regeneration
  2708 | D:3      | Found a white marble altar of Elyvilon.
  2819 | D:3      | Noticed an ogre
  2830 | D:3      | Killed an ogre
  2830 | D:3      | Gained mutation: You have sharp toenails. [demonic ancestry]
  2830 | D:3      | Reached XP level 5. HP: 30/35 MP: 3/10
  2926 | D:3      | Found an iron altar of Okawaru.
  3145 | D:3      | Noticed Ijyb
  3154 | D:3      | Killed Ijyb
  3332 | D:3      | Your ally Ijyb died
  3776 | D:4      | Reached skill level 6 in Necromancy
  3848 | D:4      | Noticed an ogre
  4089 | D:4      | Killed an ogre
  4089 | D:4      | Gained mutation: You are mostly covered in sharp spines. [demonic ancestry]
  4089 | D:4      | Reached XP level 6. HP: 26/41 MP: 8/11
  4217 | D:4      | Noticed Blork the orc
  4226 | D:4      | Killed Blork the orc
  4373 | D:4      | Noticed Duvessa
  4377 | D:4      | Noticed Dowan
  4383 | D:4      | Killed Duvessa
  4383 | D:4      | Reached skill level 1 in Evocations
  4392 | D:4      | Killed Dowan
  4392 | D:4      | Gained mutation: You can steal the life force of nearby defeated enemies. [demonic ancestry]
  4392 | D:4      | Reached XP level 7. HP: 33/46 MP: 2/13
  4410 | D:4      | Your ally Blork died
  4479 | D:4      | Got a faintly glowing ring mail
  4490 | D:4      | Identified the +5 ring mail "Neywkaso" {rN+ MR- Int+3 Dex+3} (You found it on level 4 of the Dungeon)
  4528 | D:4      | Found a shimmering altar of Xom.
  4585 | D:4      | Reached skill level 1 in Charms
  4694 | D:4      | Noticed Eustachio
  4711 | D:4      | Killed Eustachio
  4849 | D:4      | Found a snail-covered altar of Cheibriados.
  5120 | D:5      | Entered Level 5 of the Dungeon
  5123 | D:5      | Reached skill level 7 in Necromancy
  5132 | D:5      | Learned a level 4 spell: Animate Dead
  5245 | D:5      | Found a shadowy altar of Dithmenos.
  5264 | D:5      | Found a staircase to the Ecumenical Temple.
  5271 | D:5      | Reached skill level 1 in Armour
  5282 | D:5      | Reached XP level 8. HP: 39/52 MP: 11/15
  5314 | D:5      | Got an ancient arbalest
  5315 | D:5      | Identified the +5 arbalest "Diceamaoz" {elec, Str-2 Int+10} (You found it on level 5 of the Dungeon)
  5362 | D:5      | Found a glowing drain.
  5432 | Sewer    | Entered a sewer
  5447 | Sewer    | Learned a level 4 spell: Control Undead
  5552 | Sewer    | Noticed Purgy
  5561 | Sewer    | Killed Purgy
  5561 | Sewer    | Reached skill level 5 in Spellcasting
  5938 | D:5      | Found a shattered altar of Ashenzari.
  7013 | D:6      | Reached skill level 1 in Crossbows
  7357 | D:6      | Found a bloodstained altar of Trog.
  7510 | Temple   | Entered the Ecumenical Temple
  7547 | Temple   | Became a worshipper of Kikubaaqudgha
  7827 | D:7      | Learned a level 2 spell: Corpse Rot
  8020 | D:7      | Reached skill level 8 in Necromancy
  8020 | D:7      | Gained mutation: You are completely covered in sharp spines. [demonic ancestry]
  8020 | D:7      | Reached XP level 9. HP: 33/57 MP: 5/17
  8293 | D:7      | Found a basalt altar of Yredelemnul.
  9060 | D:7      | Acquired Kikubaaqudgha's first power
  9060 | D:7      | Received a gift from Kikubaaqudgha
  9061 | D:7      | Identified Kikubaaqudgha's Volume of Evil Secrets (Kikubaaqudgha gifted it to you on level 7 of the Dungeon)
  9374 | D:8      | Learned a level 2 spell: Sublimation of Blood
  9426 | D:8      | Found Baufeergh's Armour Emporium.
  9433 | D:8      | Bought a +0 helmet of see invisible for 172 gold pieces
  9565 | D:8      | Reached skill level 9 in Necromancy
  9826 | D:8      | Noticed a komodo dragon
  9833 | D:8      | Killed a komodo dragon
  9833 | D:8      | Gained mutation: You are partially covered in iridescent scales (AC +4). [demonic ancestry]
  9833 | D:8      | Reached XP level 10. HP: 40/63 MP: 17/19
 10445 | D:9      | Found a radiant altar of Vehumet.
 10600 | D:9      | Reached skill level 5 in Stealth
 10600 | D:9      | Reached skill level 5 in Charms
 10606 | D:9      | Found a sparkling altar of Nemelex Xobeh.
 10946 | D:9      | Found a glowing golden altar of the Shining One.
 10946 | D:9      | Found Geesk's General Store.
 10959 | D:9      | Acquired Kikubaaqudgha's second power
 11155 | D:9      | Found a staircase to the Lair.
 11169 | D:9      | Found a burning altar of Makhleb.
 11392 | Lair:1   | Entered Level 1 of the Lair of Beasts
 12307 | Lair:1   | Reached skill level 5 in Dodging
 12629 | Lair:2   | Noticed a black mamba
 12634 | Lair:2   | Killed a black mamba
 12766 | Lair:2   | Noticed a black mamba
 12771 | Lair:2   | Killed a black mamba
 12777 | Lair:2   | Gained mutation: You have razor-sharp toenails. [demonic ancestry]
 12777 | Lair:2   | Reached XP level 11. HP: 65/68 MP: 14/22
 12880 | Lair:2   | Reached skill level 10 in Necromancy
 12894 | Lair:2   | Learned a level 5 spell: Agony
 13198 | Lair:2   | Found a snail-covered altar of Cheibriados.
 13202 | Lair:2   | Reached skill level 5 in Evocations
 13239 | Lair:2   | Got an amethyst-studded scale mail
 13250 | Lair:2   | Identified the +1 scale mail "Nuodoa" {rPois MR+ Str-2 Stlth+} (You found it on level 2 of the Lair of Beasts)
 13818 | Lair:3   | Noticed Gastronok
 13830 | Lair:3   | Killed Gastronok
 14024 | Lair:3   | Your ally Gastronok died
 14051 | Lair:3   | Received a gift from Kikubaaqudgha
 14052 | Lair:3   | Identified Kikubaaqudgha's Grimoire of Dark Arts (Kikubaaqudgha gifted it to you on level 3 of the Lair of Beasts)
 14933 | Lair:3   | Gained mutation: Your flesh is cold resistant. [demonic ancestry]
 14933 | Lair:3   | Reached XP level 12. HP: 37/74 MP: 0/24
 15911 | Lair:4   | Learned a level 3 spell: Recall
 16060 | Temple   | Gained mutation: You have claws for feet. [potion of mutation]
 16060 | Temple   | Gained mutation: Your mind is acute. (Int +2) [potion of mutation]
 16060 | Temple   | Lost mutation: Your mind is acute. (Int +2) [potion of mutation]
 16061 | Temple   | Gained mutation: Your body sometimes deteriorates upon taking damage. [potion of mutation]
 16061 | Temple   | Gained mutation: You are covered in fur (AC +1). [potion of mutation]
 16061 | Temple   | Gained mutation: You are agile. (Dex +2) [potion of mutation]
 16062 | Temple   | Gained mutation: You are resistant to hostile enchantments. [potion of mutation]
 16062 | Temple   | Gained mutation: You occasionally shout uncontrollably at your foes. [potion of mutation]
 16291 | Lair:4   | Reached skill level 11 in Necromancy
 16328 | Lair:4   | Found a hole to the Spider Nest.
 16349 | Lair:4   | Reached skill level 5 in Armour
 16509 | Lair:4   | Acquired Kikubaaqudgha's third power
 17227 | Lair:4   | Got a warped hunting sling
 17229 | Lair:4   | Identified the +7 hunting sling of the Gnat {velocity, +Blink rC+ MR-} (You found it on level 4 of the Lair of Beasts)
 17889 | Lair:5   | Noticed Nessos
 17906 | Lair:5   | HP: 2/74 [Nessos/poisoned arrow (23)]
 17906 | Lair:5   | Shot with a poisoned arrow by Nessos

Vault maps used:
D:1:      dpeg_arrival_tiny_j, minmay_bisected
D:3:      elyvilon_altar_1, okawaru_trees_2, first_bread, uniq_iyjb
D:4:      cheibriados_altar_wand_db, old_standard_altar, uniq_blork_the_orc,
          uniq_duvessa, uniq_eustachio
D:5:      grunt_dithmenos_shadows, kennysheep_little_box, portal_sewer_entry_f,
          amalloy_card_club
D:6:      trog_book
D:7:      lemuel_crystal_altar
D:8:      serial_shops, shop, hangedman_little_slice_of_home
D:9:      old_standard_altar, fiery_altar_vehumet, makhleb_grotto_becter,
          old_standard_altar, lair_0_dummy, serial_shops,
          nicolae_shop_waterfront
Temple:   minmay_temple_curvy_8
Lair:2:   kennysheep_snail_temple, serial_bayou_shore_b
Lair:3:   serial_bayou_shore_b, infiniplex_staircase_pool, uniq_gastronok
Lair:4:   spider_nest_entry_funnel_web, grunt_forest_large_clearings,
          grunt_megastairs_4
Lair:5:   zaba_antful_of_joy, uniq_nessos
Sewer:    sewer_co_purgy_island

Action                   |  1- 3 |  4- 6 |  7- 9 | 10-12 || total
-------------------------+-------+-------+-------+-------++-------
Melee: Unarmed           |     1 |       |       |       ||     1
       Short sword       |     5 |    10 |       |       ||    15
       Dagger            |       |     7 |    33 |    68 ||   108
       Arbalest          |       |       |     2 |     2 ||     4
 Fire: Arbalest          |       |       |    32 |    98 ||   130
 Cast: Pain              |    39 |    87 |   184 |   163 ||   473
       Animate Skeleton  |    23 |    21 |    22 |     5 ||    71
       Vampiric Draining |     1 |       |     1 |       ||     2
       Animate Dead      |       |       |    23 |    58 ||    81
       Control Undead    |       |       |     5 |       ||     5
       Agony             |       |       |       |    25 ||    25
       Recall            |       |       |       |     1 ||     1
Invok: Receive Corpses   |       |       |       |     4 ||     4
  Use: Scroll            |       |    12 |     9 |    10 ||    31
       Potion            |       |     1 |     2 |    11 ||    14
 Stab: Distracted        |       |     1 |       |       ||     1
  Eat: Chunk             |     5 |     6 |     6 |     6 ||    23
       Fruit             |       |       |     4 |     4 ||     8
       Meat ration       |       |       |     2 |     3 ||     5
       Beef jerky        |       |       |     1 |     1 ||     2
       Royal jelly       |       |       |     1 |       ||     1
